 Dungeon Crawl Stone Soup version 0.22-a0-196-gee22f27 (webtiles) character file.

39 b5mith the Skirmisher (level 3, -3/29 HPs)
             Began as a Human Berserker on Feb 16, 2018.
             Was a Follower of Trog.
             Slain by an ogre
             ... wielding a cursed -2 giant club
              (13 damage)
             ... on level 2 of the Dungeon.
             The game lasted 00:02:31 (1041 turns).

b5mith the Skirmisher (Human Berserker)             Turns: 1041, Time: 00:02:31

Health: -3/29      AC:  3    Str: 18    XL:     3   Next: 70%
Magic:  3/3        EV: 12    Int:  7    God:    Trog [*.....]
Gold:   46         SH:  0    Dex: 12    Spells: 2/2 levels left

rFire    . . .     SeeInvis .   a - +0 spear
rCold    . . .     Gourm    .   (no shield)
rNeg     . . .     Faith    .   b - +0 animal skin
rPois    .         Spirit   .   (no helmet)
rElec    .         Reflect  .   (no cloak)
rCorr    .         Harm     .   (no gloves)
MR       .....                  k - +0 pair of boots
Stlth    +.........             (no amulet)
HPRegen  0.09/turn              (no ring)
MPRegen  0.08/turn              (no ring)

@: no status effects
A: no striking features
a: Berserk, Burn Spellbooks, Renounce Religion


You were on level 2 of the Dungeon.
You worshipped Trog.
Trog was aware of your devotion.
You were not hungry.

You visited 1 branch of the dungeon, and saw 2 of its levels.

You collected 46 gold pieces.

Inventory:

Hand Weapons
 a - a +0 spear (weapon)
 h - a +1 dagger of electrocution
Missiles
 m - a throwing net (quivered)
Armour
 b - a +0 animal skin (worn)
 k - a +0 pair of boots (worn)
Scrolls
 d - a scroll of random uselessness {unknown}
 e - 2 scrolls of teleportation {unknown}
 g - a scroll of remove curse {unknown}
 i - a scroll of fear {unknown}
 n - a scroll of identify {unknown}
Potions
 j - a potion of brilliance {unknown}
 l - a potion of flight {unknown}
Comestibles
 c - a ration
 f - 5 chunks of flesh


   Skills:
 + Level 3.4 Fighting
 + Level 3.3 Polearms
 + Level 2.5 Armour
 + Level 2.5 Dodging


You had 2 spell levels left.
You didn't know any spells.

Dungeon Overview and Level Annotations

Branches:
Dungeon (2/15)

Altars:


Message History

You now have 46 gold pieces (gained 9).
Found a ring mail.
An ogre comes into view. It is wielding a giant club.
You see here 18 gold pieces.
The ogre shouts!
You hit the ogre.
The ogre is moderately wounded.
The ogre hits you with a giant club!!
Ouch! That really hurt!
* * * LOW HITPOINT WARNING * * *
You are too injured to fight recklessly!
You are too injured to fight recklessly!
You are too injured to fight recklessly!
You are too injured to fight recklessly!
You hit the ogre.
The ogre is moderately wounded.
You hit the ogre.
The ogre is heavily wounded.
The ogre hits you with a giant club!
You die...

...# #.......... #..##
#..[..........
#.((#######.............
#....†..................
..)...#.................
###.#...###.............
.##.....# #............
......#.#####$.$..#.....
................@O....#
##....##..............#
#.....#.....##########
#####.......# ###.....#
#.....# #.....# #.....#
#.....#


You could see an ogre.

Vanquished Creatures
  An adder (D:2)
  2 dart slugs (D:1)
  A leopard gecko (D:1)
  3 goblins
  3 hobgoblins
  6 bats
  4 frilled lizards
  4 kobolds
  4 rats
28 creatures vanquished.

Notes
Turn   | Place    | Note
-------+----------+-------------------------------------------
     0 | D:1      | b5mith the Human Berserker began the quest for the Orb.
     0 | D:1      | Reached XP level 1. HP: 18/18 MP: 1/1
   216 | D:1      | Reached XP level 2. HP: 14/24 MP: 2/2
   756 | D:1      | Reached XP level 3. HP: 22/29 MP: 3/3
  1035 | D:2      | Noticed an ogre
  1041 | D:2      | Slain by an ogre

Vault maps used:
D:1:      dpeg_arrival_pits, dk_noncrumbling_3
D:2:      first_ration

Action                   || total
-------------------------++-------
Melee: Spear             ||    92
 Stab: Sleeping          ||     2
Armor: Animal skin       ||    11
Dodge: Dodged            ||    33

Table legend:
 A = Spawn XP
 B = Non-spawn XP
 C = Spawn XP percentage of total XP
 D = Spawn monster count
 E = Non-spawn monster count
 F = Spawn count percentage of total count
 G = Total turns spent on level
                    A         B        C        D         E        F      G
               +---------+---------+-------+---------+---------+-------+---------
         Total |       0 |      57 |   0.0 |       0 |      28 |   0.0 |  1041
               +---------+---------+-------+---------+---------+-------+---------
           D:1 |       0 |      32 |   0.0 |       0 |      18 |   0.0 |   869
           D:2 |       0 |      25 |   0.0 |       0 |      10 |   0.0 |   172
               +---------+---------+-------+---------+---------+-------+---------
